 Dungeon Crawl Stone Soup version 0.29-a0-925-g0a7a3d12f8 (webtiles) character file.

Game seed: 15911703730805163398

394 quixfox the Digger (level 6, -10/32 HPs)
             Began as a Gargoyle Earth Elementalist on July 29, 2022.
             Killed from afar by Dowan (20 damage)
             ... with a stone arrow
             ... on level 4 of the Dungeon.
             The game lasted 00:06:20 (3364 turns).

quixfox the Digger (Gargoyle Earth Elementalist)    Turns: 3364, Time: 00:06:21

Health: -10/32     AC:  8    Str: 11    XL:     6   Next: 81%
Magic:  4/12       EV: 11    Int: 18    God:
Gold:   232        SH:  0    Dex: 10    Spells: 7/13 levels left

rFire   . . .      SeeInvis .   h - +3 hand axe
rCold   . . .      Faith    .   (no shield)
rNeg    + . .      Spirit   .   a - +0 robe
rPois   ∞          Reflect  .   d - +0 helmet
rElec   +          Harm     .   m - +0 cloak
rCorr   .          Rampage  .   (no gloves)
Will    +....                   (no boots)
Stlth   ++........              (no amulet)
HPRegen 0.10/turn               p - ring of willpower
MPRegen 0.13/turn               (no ring)

@: no status effects
A: sickness immunity, AC +4, negative energy resistance 1, electricity
resistance, torment resistance 1, petrification resistance
a: no special abilities


You were on level 4 of the Dungeon.
You visited 1 branch of the dungeon, and saw 4 of its levels.

You collected 232 gold pieces.

Inventory:

Hand Weapons
 h - a +3 hand axe (weapon)
Missiles
 f - a throwing net
Armour
 a - a +0 robe (worn)
 d - a +0 helmet (worn)
 m - a +0 cloak (worn)
Jewellery
 o - a ring of fire
 p - a ring of willpower (left hand)
Scrolls
 g - a scroll of vulnerability
 j - a scroll of enchant armour {unknown}
 l - 4 scrolls of immolation
 q - a scroll of amnesia {unknown}
 s - a scroll of blinking {unknown}
 t - a scroll of poison
Potions
 b - a potion of magic
 c - a potion of lignification
 e - 2 potions of curing
 k - 3 potions of flight
 n - a potion of brilliance
 r - a potion of haste


   Skills:
 - Level 1.5 Dodging
 - Level 2.1 Stealth
 + Level 4.1 Spellcasting
 + Level 3.5 Conjurations
 - Level 0.7 Transmutations
 + Level 6.1 Earth Magic


You had 7 spell levels left.
You knew the following spells:

 Your Spells              Type           Power      Damage    Failure   Level
a - Sandblast             Erth           50%        2d12      1%          1
b - Passwall              Tmut/Erth      13%        N/A       5%          2
c - Stone Arrow           Conj/Erth      42%        3d9       6%          3

Your spell library contained the following spells:

 Spells                   Type           Power      Damage    Failure   Level
 Petrify                  Tmut/Erth      16%        N/A       34%         4


Dungeon Overview and Level Annotations

Branches:
Dungeon (4/15)
 Temple: D:4-7

Altars:

Annotations:
D:4 Dowan


Innate Abilities, Weirdness & Mutations

You are immune to sickness and miasma.
Your stone body is resilient. (AC +4)
You are immune to poison.
You resist negative energy. (rN+)
You are resistant to electric shocks. (rElec)
You are resistant to unholy torment.
You are immune to petrification.


Message History

Dowan freezes you.
* * * LOW HITPOINT WARNING * * *
Dowan misses you.
You closely miss Dowan.
Dowan is heavily wounded.
Dowan gestures wildly while chanting.
Dowan blinks!
A giant cockroach comes into view.
Dowan casts a spell.
Dowan blinks!
The giant cockroach waves its antennae.
Aiming: Sandblast (safe; 1% risk of failure)
Press: ? - help, Q - select action, (/) - cycle Shift-Dir - straight line, f - giant cockroach, p - Dowan
Aim: a giant cockroach (83% to hit)
The blast of sand hits the giant cockroach.
You kill the giant cockroach!
Dowan mumbles some strange words.
Dowan blinks!
Dowan gestures wildly while chanting.
Dowan blinks!
Dowan gestures wildly while chanting.
Dowan blinks!
Found 4 stones.
Dowan casts a spell.
Dowan blinks!
A giant cockroach comes into view.
Aiming: Sandblast (safe; 1% risk of failure)
Press: ? - help, Q - select action, (/) - cycle Shift-Dir - straight line, f - giant cockroach
Aim: a giant cockroach (asleep, 100% to hit)
The blast of sand hits the giant cockroach!
You kill the giant cockroach!
Dowan gestures wildly while chanting.
Dowan blinks!
Dowan says, "Magic will overcome all!"
Dowan says, "Her death will not be in vain!"
Found a potion of curing.
Dowan gestures at you while chanting. The stone arrow hits you!!
Ouch! That really hurt!
You die...

..######..#####..###.#
..............>).....#
.#.####...#####..#####
.##.###.......#..#
.###.##...###.#..#
.......##.# #..#
####.#.##.# ##.#
##.##.##.# # #.#
##.###.##.###.##@#
..## #.##....!...# ###
#........##.#
##############e#
#..........e...#
#.############## ###.#
....# #####


You could see Dowan (fast).

Vanquished Creatures
  Menkaure (D:4)
  Duvessa (D:4)
  An orc priest (D:3)
  Robin (D:3)
  4 adders
  A dart slug (D:3)
  5 orcs (D:3)
  5 endoplasms
  4 giant cockroaches
  17 goblins
  7 hobgoblins
  4 quokkas
  6 ball pythons
  2 bats
  15 frilled lizards
  6 kobolds
  10 rats
90 creatures vanquished.

Vanquished Creatures (others)
  7 plants (D:1)
7 creatures vanquished.

Grand Total: 97 creatures vanquished

Notes
Turn   | Place    | Note
-------+----------+-------------------------------------------
     0 | D:1      | quixfox the Gargoyle Earth Elementalist began the quest for
                  | the Orb.
     0 | D:1      | Reached XP level 1. HP: 10/10 MP: 3/3
   117 | D:1      | Reached XP level 2. HP: 15/15 MP: 3/5
   182 | D:1      | Reached skill level 4 in Earth Magic
   678 | D:1      | Reached XP level 3. HP: 16/19 MP: 0/6
   681 | D:1      | Learned a level 2 spell: Passwall
   685 | D:1      | Learned a level 3 spell: Stone Arrow
  1426 | D:2      | Reached skill level 1 in Conjurations
  1546 | D:2      | Reached XP level 4. HP: 24/24 MP: 5/8
  2054 | D:3      | Identified the +4 scale mail of Gallantry {Str+3}
  2254 | D:3      | Found a faded altar of an unknown god.
  2279 | D:3      | Reached skill level 5 in Earth Magic
  2382 | D:3      | Noticed Robin
  2396 | D:3      | Reached XP level 5. HP: 28/28 MP: 4/9
  2419 | D:3      | Killed Robin
  3139 | D:4      | Noticed Menkaure
  3142 | D:4      | Killed Menkaure
  3143 | D:4      | Reached XP level 6. HP: 30/32 MP: 8/11
  3295 | D:4      | Noticed Dowan
  3296 | D:4      | Noticed Duvessa
  3317 | D:4      | Killed Duvessa
  3318 | D:4      | Reached skill level 6 in Earth Magic
  3364 | D:4      | Killed from afar by Dowan

Illustrated notes

Levels and vault maps discovered:
D:1:      minmay_arrival_semitransparent, layout_loops_corners,
          minmay_lizard_king
D:2:      layout_rooms, kennysheep_generic_room_14
D:3:      kennysheep_six_static_rooms, layout_basic,
          dreamdust_ecumenical_altar_grove, minmay_quadrilaterals, uniq_robin
D:4:      layout_loops_ring, temple_statues, uniq_duvessa, uniq_menkaure

Skill      XL: |  1  2  3  4  5  6 |
---------------+-------------------+-----
Earth Magic    | 4 5 6 |  6.1
Conjurations   | 1 2 3 |  3.5
Spellcasting   | 3 4 |  4.1
Dodging        | |  1.5
Stealth        | |  2.1
Transmutations | |  0.7

Action                   |  1- 3 |  4- 6 || total
-------------------------+-------+-------++-------
Melee: Dagger            |     2 |       ||     2
       Hand axe          |       |     5 ||     5
 Cast: Sandblast         |    57 |    72 ||   129
  Use: Scroll            |       |    10 ||    10
       Potion            |       |     3 ||     3
Armor: Robe              |     8 |    22 ||    30
Dodge: Dodged            |    14 |    22 ||    36

Table legend: (Time is in decaauts)
 A = Elapsed time spent in this place.
 B = Non-inter-level travel time spent in this place.
 C = Inter-level travel time spent in this place.
 D = Time resting spent in this place.
 E = Time spent auto-exploring this place.
 F = Levels seen in this place.
 G = Mean time per level.
                   A        B        C        D        E       F      G
               +--------+--------+--------+--------+--------+-----+--------+
         Total |   3492 |   3405 |     87 |     69 |   2750 |   4 |  873.0 |
       Dungeon |   3492 |   3405 |     87 |     69 |   2750 |   4 |  873.0 |
               +--------+--------+--------+--------+--------+-----+--------+

Top non-repeatable levels by time:
     D:1: 1343 daAuts
     D:3: 1191 daAuts
     D:2: 588 daAuts
     D:4: 369 daAuts
